 Dungeon Crawl Stone Soup version 0.19-a0-1051-gdb7e7f8 (webtiles) character file.

277 JustSomeDude the Poker (level 6, 0/41 HPs)
             Began as a Tengu Monk on Aug 1, 2016.
             Succumbed to a worker ant's poison
             ... on level 3 of the Dungeon.
             The game lasted 00:22:26 (3574 turns).

JustSomeDude the Poker (Tengu Monk)                 Turns: 3574, Time: 00:22:27

Health: 0/41       AC:  9    Str: 10 (13) XL:     6   Next: 26%
Magic:  10/10      EV:  3    Int:  8 (10) God:
Gold:   119        SH:  6    Dex: 15 (17) Spells: 0 memorised, 10 levels left

rFire  . . .     SeeInvis .     k - +1 hand axe (flame)
rCold  . . .     Gourm    .     m - +0 chain mail
rNeg   . . .     Faith    .     s - +0 shield
rPois  .         Spirit   .     (helmet restricted)
rElec  .         Dismiss  .     (no cloak)
rCorr  .         Reflect  .     (no gloves)
SustAt .         Harm     .     (boots unavailable)
MR     .....                    (no amulet)
Stlth  ..........               (no ring)
                                (no ring)

@: lethally poisoned (0 -> -2), not resistant to hostile enchantments, extremely
unstealthy
A: beak, talons 3, able to fly 1
a: Fly


You were on level 3 of the Dungeon.
You were not hungry.

You visited 1 branch of the dungeon, and saw 4 of its levels.

You collected 119 gold pieces.

Inventory:

Hand Weapons
 a - a +0 blowgun
 k - a +1 hand axe of flaming (weapon)
 r - a +0 trident
Missiles
 t - 6 curare-tipped needles
Armour
 b - a +0 robe
 l - a +0 leather armour
 m - a +0 chain mail (worn)
 s - a +0 shield (worn)
Wands
 q - a wand of lightning (1/15)
Scrolls
 e - 5 scrolls of remove curse
 i - 2 scrolls of teleportation
Potions
 g - a potion of degeneration
Comestibles
 c - 2 bread rations
 d - 3 meat rations
 f - 3 fruits
 h - a beef jerky
 n - 2 chunks of flesh


   Skills:
 + Level 5.9 Fighting
 + Level 6.6 Polearms
 * Level 3.8 Armour
 + Level 5.7 Dodging
 + Level 4.3 Stealth
 + Level 2.6 Spellcasting
   Level 2.6 Invocations
 + Level 3.0 Evocations


You had 10 spell levels left.
You didn't know any spells.

Dungeon Overview and Level Annotations

Branches:
Dungeon (4/15)
 Temple: D:4-7

Altars:
Cheibriados
Fedhas
Hepliaklqana
Okawaru


Innate Abilities, Weirdness & Mutations

You have a beak for a mouth.
You have claws for feet.
You can fly.


Message History

You miss the adder. Your kick misses the adder.
The adder is heavily wounded.
The adder bites you but does no damage. x2
You hit the adder. You burn the adder.
You kill the adder!
You hit the dart slug. You burn the dart slug. You claw the dart slug.
You peck the dart slug.
You kill the dart slug!
* * * LOW HITPOINT WARNING * * *
You feel sick.
As you read the scroll labeled NOVUSTR WOREMOI, it crumbles to dust.
You feel strangely unstable.
It was a scroll of teleportation.
As you read the scroll labeled EJAOME UPLIOKH, it crumbles to dust.
It is a scroll of enchant weapon.
Your +0 hand axe of flaming glows red for a moment.
As you read the scroll labeled ASACSOYRE ZASCH, it crumbles to dust.
It is a scroll of identify.
a - a +0 blowgun Your surroundings suddenly seem different.
You die...

############ #..........#
#.########.# #.#......#.#
########.....#.##.#
##......###.#.#.##.#
#........@....#..#.#
#.......###...##.#.#
########..........<.....#.#
...............##.#.#####.#
..........................#
...............#############
.....................†....>#
........)......##.##########
########.......##.#


There were no monsters in sight!

Vanquished Creatures
  A wyvern zombie (D:3)
  An orc priest (D:3)
  A worker ant (D:3)
  4 adders
  3 worms
  3 dart slugs
  6 orcs
  5 bats
  6 giant cockroaches
  5 goblins
  3 hobgoblins
  9 kobolds
  2 quokkas (D:2)
  3 ball pythons
  2 giant newts
  4 rats
58 creatures vanquished.

Notes
Turn   | Place    | Note
-------+----------+-------------------------------------------
     0 | D:1      | JustSomeDude the Tengu Monk began the quest for the Orb.
     0 | D:1      | Reached XP level 1. HP: 14/14 MP: 2/2
   228 | D:1      | Reached XP level 2. HP: 13/19 MP: 3/3
   924 | D:2      | Found a blossoming altar of Fedhas.
  1100 | D:2      | Found an iron altar of Okawaru.
  1167 | D:2      | Reached XP level 3. HP: 15/23 MP: 4/4
  1425 | D:2      | Found a snail-covered altar of Cheibriados.
  1559 | D:2      | Found a hazy altar of Hepliaklqana.
  1559 | D:2      | Found a blossoming altar of Fedhas.
  1708 | D:2      | Reached skill level 5 in Fighting
  1708 | D:2      | Reached skill level 6 in Polearms
  1708 | D:2      | Reached skill level 5 in Dodging
  1708 | D:2      | Reached XP level 4. HP: 11/32 MP: 4/8
  2179 | D:3      | Gained mutation: You can fly. [Tengu growth]
  2179 | D:3      | Reached XP level 5. HP: 36/36 MP: 9/9
  3208 | D:3      | Reached XP level 6. HP: 7/41 MP: 10/10
  3568 | D:3      | HP: 2/41 [poisoned by a worker ant]
  3574 | D:3      | Succumbed to a worker ant's poison

Vault maps used:
D:1:      saegor_arrival_simple_b
D:2:      cheibriados_altar_1, lemuel_round_altar,
          gammafunk_temple_overflow_pools, first_bread, lemuel_tele_altar
D:3:      minmay_goblin_kobold_house
D:4:      uniq_blork_the_orc

Skill      XL: |  1  2  3 |
---------------+----------+-----
Fighting       | 5 |  5.9
Polearms       | 6 |  6.6
Armour         | 3 |  3.8
Dodging        | 5 |  5.7
Stealth        | 4 |  4.3
Spellcasting   | 2 |  2.6
Invocations    | 2 |  2.6
Evocations     | 3 |  3.0

Action                   |  1- 3 |  4- 6 || total
-------------------------+-------+-------++-------
Melee: Spear             |   107 |    43 ||   150
       Kick              |    23 |    26 ||    49
       Peck              |    10 |    15 ||    25
       Trident           |       |    43 ||    43
       Hand axe          |       |    32 ||    32
Evoke: Wand              |       |     1 ||     1
  Use: Scroll            |     1 |     3 ||     4
       Potion            |     3 |     5 ||     8
 Stab: Sleeping          |     5 |     1 ||     6
  Eat: Chunk             |     1 |     4 ||     5
       Fruit             |     1 |       ||     1
       Meat ration       |       |     1 ||     1
Armor: Robe              |     1 |       ||     1
       Leather armour    |     7 |     4 ||    11
       Chain mail        |       |    42 ||    42
       Skin              |       |    12 ||    12
Dodge: Dodged            |    37 |    38 ||    75
Block: Shield            |       |    13 ||    13
